TOP OF THE 1ST |
Riverside Red Bulls batting - Pitching for Menlo Maniacs : RHP Jeff Davis
|
Pitching: RHP Jeff Davis
|
|
Batting: RHB Mike Mills
|
0-0: SOLO HOME RUN (Flyball, 7D), Distance : 384 ft
|
Batting: RHB Pedro Mata
|
0-0: Ball 1-0: Called Strike 1-1: Ball 2-1: Ball 3-1: Ground out 4-3 (Groundball, 4)
|
Batting: LHB Paco Rivera
|
0-0: Ball 1-0: Fly out, F7 (Flyball, 78XD)
|
Batting: RHB Earnest Finnegan
|
0-0: Called Strike 0-1: Ground out 6-3 (Groundball, 4MS)
|
Top of the 1st over - 1 run(s), 1 hit(s), 0 error(s), 0 left on base; Riverside 1 - Menlo 0 |
BOTTOM OF THE 1ST |
Menlo Maniacs batting - Pitching for Riverside Red Bulls : RHP Emílio Núñez
|
Pitching: RHP Emílio Núñez
|
|
Batting: RHB Daryl Floyd
|
0-0: Ground out 6-3 (Groundball, 6M)
|
Batting: RHB Steve Sampson
|
0-0: Ball 1-0: Foul Ball, location: 2F 1-1: Called Strike 1-2: Strikes out looking
|
Batting: LHB Arthur Hall
|
0-0: Ball 1-0: Ball 2-0: Ball 3-0: Called Strike 3-1: Swinging Strike 3-2: SOLO HOME RUN (Line Drive, 9D), Distance : 386 ft
|
Batting: LHB Marcos Pérez
|
0-0: Foul Ball, location: 2F 0-1: Foul Ball, location: 2F 0-2: Foul Ball, location: 2F 0-2: Foul Ball, location: 2F 0-2: Strikes out swinging
|
Bottom of the 1st over - 1 run(s), 1 hit(s), 0 error(s), 0 left on base; Riverside 1 - Menlo 1 |
TOP OF THE 2ND |
Riverside Red Bulls batting - Pitching for Menlo Maniacs : RHP Jeff Davis
|
Batting: RHB Brandon Pope
|
0-0: Ball 1-0: Called Strike 1-1: Hit by Pitch
|
Batting: LHB Mike Petersen
|
0-0: SINGLE (Line Drive, 9S) Brandon Pope to second Brandon Pope to third
|
Batting: RHB Fernando Gálvez
|
0-0: Called Strike 0-1: Swinging Strike 0-2: Ball 1-2: Strikes out swinging
|
Batting: RHB Enrique Flores
|
0-0: Ball 1-0: Foul Ball, location: 2F 1-1: Called Strike 1-2: Foul Ball, location: 2F 1-2: Ball Mike Petersen steals 2nd base 2-2: Foul Ball, location: 2F 2-2: Strikes out swinging
|
Batting: SHB Luis Alonso
|
0-0: Called Strike 0-1: Swinging Strike 0-2: Ball 1-2: Ball 2-2: Strikes out swinging
|
Top of the 2nd over - 0 run(s), 1 hit(s), 0 error(s), 2 left on base; Riverside 1 - Menlo 1 |
BOTTOM OF THE 2ND |
Menlo Maniacs batting - Pitching for Riverside Red Bulls : RHP Emílio Núñez
|
Batting: LHB Keith Green
|
0-0: Ball 1-0: Ball 2-0: Ground out 6-3 (Groundball, 6M)
|
Batting: RHB Jesús Cuevas
|
0-0: Ground out 6-3 (Groundball, 6M)
|
Batting: RHB Luis Ramírez
|
0-0: Ball 1-0: Swinging Strike 1-1: Called Strike 1-2: Strikes out looking
|
Bottom of the 2nd over - 0 run(s), 0 hit(s), 0 error(s), 0 left on base; Riverside 1 - Menlo 1 |
TOP OF THE 3RD |
Riverside Red Bulls batting - Pitching for Menlo Maniacs : RHP Jeff Davis
|
Batting: RHB Mike Mills
|
0-0: Ball 1-0: Ground out 4-3 (Groundball, 34D)
|
Batting: RHB Pedro Mata
|
0-0: Ball 1-0: Foul Ball, location: 2F 1-1: Ground out 6-3 (Groundball, 6)
|
Batting: LHB Paco Rivera
|
0-0: Ball 1-0: Ball 2-0: Foul Ball, location: 2F 2-1: Fly out, F5 (Line Drive, 5)
|
Top of the 3rd over - 0 run(s), 0 hit(s), 0 error(s), 0 left on base; Riverside 1 - Menlo 1 |
BOTTOM OF THE 3RD |
Menlo Maniacs batting - Pitching for Riverside Red Bulls : RHP Emílio Núñez
|
Batting: RHB Robert Downing
|
0-0: Ball 1-0: Ball 2-0: Ground out 6-3 (Groundball, 6)
|
Batting: RHB Gilberto León
|
0-0: Ball 1-0: Foul Ball, location: 2F 1-1: Fly out, F9 (Line Drive, 9M)
|
Batting: RHB Daryl Floyd
|
0-0: Ball 1-0: Called Strike 1-1: Ball 2-1: Foul Ball, location: 2F 2-2: Ball 3-2: Base on Balls
|
Batting: RHB Steve Sampson
|
0-0: Ball 1-0: Ball 2-0: Ball 3-0: Called Strike 3-1: Base on Balls Daryl Floyd to second
|
Batting: LHB Arthur Hall
|
0-0: Ball 1-0: Foul Ball, location: 2F 1-1: Ball 2-1: Ball 3-1: Base on Balls Daryl Floyd to third Steve Sampson to second
|
Batting: LHB Marcos Pérez
|
0-0: Called Strike 0-1: Foul Ball, location: 2F 0-2: Ball Wild Pitch! Daryl Floyd scores Steve Sampson to third Arthur Hall to second 1-2: Foul Ball, location: 2F 1-2: Ball 2-2: Strikes out swinging
|
Bottom of the 3rd over - 1 run(s), 0 hit(s), 0 error(s), 2 left on base; Riverside 1 - Menlo 2 |
TOP OF THE 4TH |
Riverside Red Bulls batting - Pitching for Menlo Maniacs : RHP Jeff Davis
|
Batting: RHB Earnest Finnegan
|
0-0: Ball 1-0: Ball 2-0: Ball 3-0: Called Strike 3-1: Fly out, F8 (Line Drive, 8LXD)
|
Batting: RHB Brandon Pope
|
0-0: Ball 1-0: Foul Ball, location: 2F 1-1: Called Strike 1-2: Ball 2-2: Ball 3-2: Foul Ball, location: 2F 3-2: Base on Balls
|
Batting: LHB Mike Petersen
|
0-0: DOUBLE (Line Drive, 78M) Brandon Pope to third
|
Batting: RHB Fernando Gálvez
|
0-0: Ball 1-0: Ball 2-0: Foul Ball, location: 2F 2-1: Foul Ball, location: 2F 2-2: Ball 3-2: Base on Balls
|
Batting: RHB Enrique Flores
|
0-0: Swinging Strike 0-1: Called Strike 0-2: Foul Ball, location: 2F 0-2: Strikes out swinging
|
Batting: SHB Luis Alonso
|
0-0: Called Strike 0-1: Foul Ball, location: 2F 0-2: Ground out 6-3 (Groundball, 6)
|
Top of the 4th over - 0 run(s), 1 hit(s), 0 error(s), 3 left on base; Riverside 1 - Menlo 2 |
BOTTOM OF THE 4TH |
Menlo Maniacs batting - Pitching for Riverside Red Bulls : RHP Emílio Núñez
|
Batting: LHB Keith Green
|
0-0: Ball 1-0: Foul Ball, location: 2F 1-1: Ball 2-1: DOUBLE (Line Drive, 89M)
|
Batting: RHB Jesús Cuevas
|
0-0: Foul Ball, location: 2F 0-1: Ball 1-1: Ball 2-1: Ground out 5-3 (Groundball, 56)
|
Batting: RHB Luis Ramírez
|
0-0: Ball 1-0: Foul Ball, location: 2F 1-1: Foul Ball, location: 2F 1-2: Strikes out looking
|
Batting: RHB Robert Downing
|
0-0: Called Strike 0-1: Reached on error, E6 (Groundball, 6) Keith Green to third
|
Batting: RHB Gilberto León
|
0-0: Fly out, F2 (Popup, 2R)
|
Bottom of the 4th over - 0 run(s), 1 hit(s), 1 error(s), 2 left on base; Riverside 1 - Menlo 2 |
TOP OF THE 5TH |
Riverside Red Bulls batting - Pitching for Menlo Maniacs : RHP Jeff Davis
|
Batting: RHB Mike Mills
|
0-0: Ball 1-0: Swinging Strike 1-1: Foul Ball, location: 2F 1-2: Strikes out swinging
|
Batting: RHB Pedro Mata
|
0-0: Called Strike 0-1: Ball 1-1: Fly out, F7 (Flyball, 7M)
|
Batting: LHB Paco Rivera
|
0-0: DOUBLE (Line Drive, 9LD)
|
Batting: RHB Earnest Finnegan
|
0-0: Ball 1-0: Ball 2-0: Called Strike 2-1: Swinging Strike 2-2: Strikes out swinging
|
Top of the 5th over - 0 run(s), 1 hit(s), 0 error(s), 1 left on base; Riverside 1 - Menlo 2 |
BOTTOM OF THE 5TH |
Menlo Maniacs batting - Pitching for Riverside Red Bulls : RHP Emílio Núñez
|
Batting: RHB Daryl Floyd
|
0-0: Ground out 6-3 (Groundball, 6M)
|
Batting: RHB Steve Sampson
|
0-0: Ball 1-0: Called Strike 1-1: Ball 2-1: Swinging Strike 2-2: Ball 3-2: Strikes out swinging
|
Batting: LHB Arthur Hall
|
0-0: Ball 1-0: Ground out 4-3 (Groundball, 34)
|
Bottom of the 5th over - 0 run(s), 0 hit(s), 0 error(s), 0 left on base; Riverside 1 - Menlo 2 |
TOP OF THE 6TH |
Riverside Red Bulls batting - Pitching for Menlo Maniacs : RHP Jeff Davis
|
Batting: RHB Brandon Pope
|
0-0: Ball 1-0: Ball 2-0: Called Strike 2-1: Fly out, F9 (Flyball, 9M)
|
Batting: LHB Mike Petersen
|
0-0: Called Strike 0-1: Foul Ball, location: 2F 0-2: Ball 1-2: Fly out, F6 (Popup, 6MD)
|
Batting: RHB Fernando Gálvez
|
0-0: SINGLE (Groundball, 34D)
|
Batting: RHB Enrique Flores
|
0-0: Foul Ball, location: 2F 0-1: Ball Fernando Gálvez steals 2nd base 1-1: Called Strike 1-2: Strikes out looking
|
Top of the 6th over - 0 run(s), 1 hit(s), 0 error(s), 1 left on base; Riverside 1 - Menlo 2 |
BOTTOM OF THE 6TH |
Menlo Maniacs batting - Pitching for Riverside Red Bulls : RHP Emílio Núñez
|
Batting: LHB Marcos Pérez
|
0-0: Fly out, F7 (Flyball, 78S)
|
Batting: LHB Keith Green
|
0-0: Ball 1-0: Called Strike 1-1: Ball 2-1: Foul Ball, location: 2F 2-2: Fly out, F7 (Flyball, 7LS)
|
Batting: RHB Jesús Cuevas
|
0-0: Foul Ball, location: 2F 0-1: SINGLE (Groundball, 4M)
|
Batting: RHB Luis Ramírez
|
0-0: Foul Ball, location: 2F 0-1: SINGLE (Line Drive, 4MD) Jesús Cuevas to second
|
Batting: RHB Robert Downing
|
0-0: Ball 1-0: Ball 2-0: Called Strike 2-1: Ball 3-1: Foul Ball, location: 2F 3-2: Base on Balls Jesús Cuevas to third Luis Ramírez to second
|
Batting: RHB Gilberto León
|
0-0: Foul Ball, location: 2F 0-1: Foul Ball, location: 2F 0-2: Ball 1-2: Foul Ball, location: 2F 1-2: Ball 2-2: SINGLE (Line Drive, 4M) Jesús Cuevas scores Luis Ramírez to third Robert Downing to second Runner from 3rd tries for Home, SAFE, no throw or cutoff
|
Pitching: RHP Ricardo López
|
|
Batting: RHB Daryl Floyd
|
0-0: Called Strike 0-1: Foul Ball, location: 2F 0-2: Strikes out looking
|
Bottom of the 6th over - 2 run(s), 3 hit(s), 0 error(s), 2 left on base; Riverside 1 - Menlo 4 |
TOP OF THE 7TH |
Riverside Red Bulls batting - Pitching for Menlo Maniacs : RHP Jeff Davis
|
Pitching: RHP Steve Poe
|
|
Batting: SHB Luis Alonso
|
0-0: Ball 1-0: Ball 2-0: Fly out, F9 (Line Drive, 9M)
|
Batting: RHB Mike Mills
|
0-0: Called Strike 0-1: Called Strike 0-2: SINGLE (Groundball, 56)
|
Batting: RHB Pedro Mata
|
0-0: Ball 1-0: Called Strike 1-1: Ball 2-1: Foul Ball, location: 2F 2-2: SINGLE (Line Drive, 4MD) Mike Mills to second
|
Batting: LHB Paco Rivera
|
0-0: Hit by Pitch Mike Mills to third Pedro Mata to second
|
Batting: RHB Earnest Finnegan
|
0-0: Foul Ball, location: 2F 0-1: Ball 1-1: Swinging Strike 1-2: Strikes out swinging
|
Batting: RHB Brandon Pope
|
0-0: Ball 1-0: Ground out 1-3 (Groundball, 13)
|
Top of the 7th over - 0 run(s), 2 hit(s), 0 error(s), 3 left on base; Riverside 1 - Menlo 4 |
BOTTOM OF THE 7TH |
Menlo Maniacs batting - Pitching for Riverside Red Bulls : RHP Ricardo López
|
Batting: RHB Steve Sampson
|
0-0: Ball 1-0: Ground out 6-3 (Groundball, 6)
|
Batting: LHB Arthur Hall
|
0-0: Called Strike 0-1: Ground out U3 (Groundball, 3S)
|
Batting: LHB Marcos Pérez
|
0-0: Ball 1-0: Ball 2-0: Ball 3-0: Base on Balls
|
Batting: LHB Keith Green
|
0-0: Ball 1-0: Called Strike 1-1: Fly out, F7 (Flyball, 78S)
|
Bottom of the 7th over - 0 run(s), 0 hit(s), 0 error(s), 1 left on base; Riverside 1 - Menlo 4 |
TOP OF THE 8TH |
Riverside Red Bulls batting - Pitching for Menlo Maniacs : RHP Steve Poe
|
Batting: LHB Mike Petersen
|
0-0: Ball 1-0: Foul Ball, location: 2F 1-1: Bunt for hit - play at first, batter OUT! 5-3
|
Batting: RHB Fernando Gálvez
|
0-0: Foul Ball, location: 2F 0-1: Ball 1-1: Ball 2-1: Called Strike 2-2: Strikes out swinging
|
Batting: RHB Enrique Flores
|
0-0: Swinging Strike 0-1: Ball 1-1: Foul Ball, location: 2F 1-2: Ball 2-2: Strikes out swinging
|
Top of the 8th over - 0 run(s), 0 hit(s), 0 error(s), 0 left on base; Riverside 1 - Menlo 4 |
BOTTOM OF THE 8TH |
Menlo Maniacs batting - Pitching for Riverside Red Bulls : RHP Ricardo López
|
Batting: RHB Jesús Cuevas
|
0-0: Ball 1-0: Swinging Strike 1-1: Ball 2-1: Ground out 6-3 (Groundball, 6)
|
Batting: RHB Luis Ramírez
|
0-0: Ball 1-0: Foul Ball, location: 2F 1-1: DOUBLE (Flyball, 89D)
|
Batting: RHB Robert Downing
|
0-0: Intentional Walk
|
Batting: RHB Gilberto León
|
0-0: Swinging Strike 0-1: Ball 1-1: Foul Ball, location: 2F 1-2: Strikes out swinging
|
Batting: RHB Daryl Floyd
|
0-0: Called Strike 0-1: Ball 1-1: Ball 2-1: 3-RUN HOME RUN (Flyball, 7D), Distance : 375 ft
|
Pitching: RHP Rick Haynes
|
|
Batting: RHB Steve Sampson
|
0-0: Ball 1-0: Ball 2-0: Called Strike 2-1: Foul Ball, location: 2F 2-2: Hit by Pitch
|
Batting: LHB Arthur Hall
|
0-0: Foul Ball, location: 2F 0-1: Ball 1-1: Ball 2-1: Ball Passed Ball! Steve Sampson to second 3-1: Base on Balls
|
Batting: LHB Marcos Pérez
|
0-0: Called Strike 0-1: Ball 1-1: Ball 2-1: Foul Ball, location: 2F 2-2: SINGLE (Line Drive, 4) Steve Sampson to third Arthur Hall to second Runner from 3rd tries for Home, SAFE, throw made at trailing runner, OUT at third!
|
Bottom of the 8th over - 4 run(s), 3 hit(s), 0 error(s), 1 left on base; Riverside 1 - Menlo 8 |
TOP OF THE 9TH |
Riverside Red Bulls batting - Pitching for Menlo Maniacs : RHP Steve Poe
|
Batting: SHB Luis Alonso
|
0-0: Fly out, F6 (Line Drive, 6)
|
Batting: RHB Mike Mills
|
0-0: Called Strike 0-1: Called Strike 0-2: Foul Ball, location: 2F 0-2: Strikes out swinging
|
Batting: RHB Pedro Mata
|
0-0: Hit by Pitch
|
Batting: LHB Paco Rivera
|
0-0: Ball 1-0: Swinging Strike 1-1: Ball 2-1: Called Strike 2-2: Foul Ball, location: 2F 2-2: Ball 3-2: Ground out 6-3 (Groundball, 6M)
|
Top of the 9th over - 0 run(s), 0 hit(s), 0 error(s), 1 left on base; Riverside 1 - Menlo 8 |
|